 Dungeon Crawl Stone Soup version bcrawl-1.32 (webtiles) character file.

Game seed: 14709383948622955201

158854 Morbidden the Skirmisher (level 6, -4/53 HPs)
             Began as a Djinni Archaeologist on June 27, 2021.
             Slain by an ice beast (14 damage)
             ... on level 4 of the Dungeon.
             The game lasted 00:04:51 (3709 turns).

Morbidden the Skirmisher (Djinni Archaeologist)     Turns: 3709, Time: 00:04:51

Health: -4/53      AC:  4    Str: 20    XL:     6   Next: 33%
Magic:  10/10      EV: 11    Int: 17    God:
Gold:   1478       SH:  4    Dex:  9    Spells: 10/10 levels left

rFire    . . .     SeeInvis .   a - +0 dagger (freeze)
rCold    . . .     Gourm    .   D - +0 buckler
rNeg     . . .     Faith    .   c - +1 robe
rPois    .         Spirit   .   d - +1 hat
rElec    .         Reflect  .   (no cloak)
rCorr    .         Harm     .   (no gloves)
MR       .....     Rnd*Rage +   (boots unavailable)
Stlth    ++........             (no amulet)
HPRegen  0.17/turn              (no ring)
MPRegen  0.12/turn              (no ring)

@: mighty, flying
A: never pass out, berserk 2, blink, blurry vision 2, wild magic 2, MP-powered
wands, floating
a: Blink


You were on level 4 of the Dungeon.
You were not hungry.

You visited 1 branch of the dungeon, and saw 4 of its levels.

You collected 1478 gold pieces.

Inventory:

Hand Weapons
 a - a +0 dagger of freezing (weapon)
 b - a +0 blowgun
Missiles
 f - a curare-tipped needle
 k - 325 poisoned needles
 z - 780 sling bullets
Armour
 c - a +1 robe (worn)
 d - a +1 hat (worn)
 p - a +0 medium shield
 D - a +0 buckler (worn)
Jewellery
 h - an uncursed ring of magical power {unknown}
 B - a cursed ring of attention {unknown}
Wands
 y - a wand of polymorph (3)
Scrolls
 g - 2 scrolls of magic mapping
 i - 3 scrolls of identify
 n - 2 scrolls of amnesia {unknown}
 q - 2 scrolls of remove curse {unknown}
 t - a scroll of fog {unknown}
 u - 2 scrolls of immolation {unknown}
 v - a scroll of noise {unknown}
 x - 3 scrolls of teleportation {unknown}
 C - a scroll of blinking {unknown}
 F - a scroll of enchant armour {unknown}
Potions
 j - a potion of mutation {unknown}
 o - a potion of cancellation {unknown}
 r - 2 potions of curing
 s - a potion of haste {unknown}
 w - a potion of degeneration {unknown}
 A - a potion of lignification {unknown}
Comestibles
 e - 8 rations {!d}
 E - 3 chunks of flesh


   Skills:
 * Level 4.4 Fighting
 + Level 1.3 Short Blades
   Level 1.0 Maces & Flails
 * Level 4.1 Dodging
 + Level 3.0 Stealth
 * Level 1.5 Shields
 * Level 2.7 Spellcasting


You had 10 spell levels left.
You didn't know any spells.
Your spell library was empty.

Dungeon Overview and Level Annotations

Branches:
Dungeon (4/12)
 Temple: D:4-7

Altars:


Innate Abilities, Weirdness & Mutations

You never pass out after going berserk.
You often lose your temper in combat.
You can translocate small distances at will.
Scrolls take you longer to read.
Your spells are harder to cast, but more powerful.
You expend magic power (3 MP) to strengthen your wands.
Your body floats in the air.


Message History

The ice beast hits you but does no damage.
The ice beast hits you. The ice beast freezes you!
* * * LOW HITPOINT WARNING * * *
Evoke which item? (* to show all) (? for menu, Esc to quit)
Okay, then.
Okay, then.
You feel much better. You block the ice beast's attack.
Unknown command.
You feel very mighty all of a sudden. The ice beast hits you.
The ice beast freezes you!
* * * LOW HITPOINT WARNING * * *
You barely miss the ice beast.
The ice beast is moderately wounded.
The ice beast hits you but does no damage.
You hit the ice beast.
The ice beast is heavily wounded.
The ice beast hits you.
* * * LOW HITPOINT WARNING * * *
The ice beast freezes you!
You die...

#.........# ##...
#.........# ##...
#.........# #....
#.........# ###....
#..)......# #......
#.........# #.##...
###.........# #####
##.###..
............######.....#
#(.# ###
...............Y@..#
###.##
####.......#########
#...# #.#####(## ..
#.### #..# #..# . #.#
#.## ##.##.# #.# ..
#..#.# #.# #.# ##...#
#.# #% ###)### #.# #...#
#.####


You could see an ice beast.

Vanquished Creatures
  A sky beast (D:3)
  A howler monkey (D:2)
  A crimson imp (D:4)
  An orc priest (D:4)
  An orc wizard (D:4)
  A worker ant (D:4)
  3 adders
  2 worms
  3 dart slugs (D:1)
  2 leopard geckos
  8 orcs
  A ball python (D:3)
  3 giant cockroaches
  9 hobgoblins
  2 jackals (D:3)
  9 kobolds
  A bat (D:1)
  2 frilled lizards (D:1)
  2 goblins (D:1)
  7 rats
60 creatures vanquished.

Notes
Turn   | Place    | Note
-------+----------+-------------------------------------------
     0 | D:1      | Morbidden the Djinni Archaeologist began the quest for the
                  | Orb.
     0 | D:1      | Reached XP level 1. HP: 16/16 MP: 1/1
   426 | D:1      | Reached XP level 2. HP: 20/23 MP: 3/3
   485 | D:1      | Reached skill level 1 in Spellcasting
   793 | D:1      | Reached XP level 3. HP: 28/28 MP: 4/4
  1686 | D:2      | Gained mutation: Your spells are harder to cast, but more
                  | powerful. [Djinni growth]
  1686 | D:2      | Gained mutation: You can translocate small distances at
                  | will. [Djinni growth]
  1686 | D:2      | Reached XP level 4. HP: 36/36 MP: 6/6
  1695 | D:2      | Got a wavering wooden ring
  1698 | D:2      | Identified the ring "Uxzed" {+Blink MR+ Str-5 Stlth--} (You
                  | found it on level 2 of the Dungeon)
  2460 | D:3      | Noticed a sky beast
  2471 | D:3      | Reached skill level 1 in Shields
  2546 | D:3      | Killed a sky beast
  2547 | D:3      | Reached skill level 1 in Short Blades
  2547 | D:3      | Reached XP level 5. HP: 16/45 MP: 8/8
  2547 | D:3      | Identified a scroll of acquirement
  2549 | D:3      | Identified the amulet "Bevyg" {Acrobat rPois Int+4} (You
                  | acquired it on level 3 of the Dungeon)
  3265 | D:4      | Reached XP level 6. HP: 29/52 MP: 9/9
  3461 | D:4      | Noticed an ice beast
  3709 | D:4      | Slain by an ice beast

Skill      XL: |  1  2  3  4  5 |
---------------+----------------+-----
Spellcasting   | 1 2 |  2.7
Fighting       | 2 3 4 |  4.4
Stealth        | 3 |  3.0
Shields        | 1 |  1.5
Short Blades   | 1 |  1.3
Dodging        | 4 |  4.1
Maces & Flails | |  1.0

Action                   |  1- 3 |  4- 6 || total
-------------------------+-------+-------++-------
Melee: Falchion          |    26 |       ||    26
       Whip              |     6 |       ||     6
       Dagger            |   115 |    94 ||   209
 Fire: Blowgun           |       |    98 ||    98
  Use: Potion            |       |     5 ||     5
       Scroll            |       |     2 ||     2
 Stab: Sleeping          |     4 |     1 ||     5
  Eat: Chunk             |     5 |    13 ||    18
Armor: Robe              |    36 |    29 ||    65
Dodge: Dodged            |    94 |    83 ||   177
Block: Buckler           |       |     4 ||     4
